 Dungeon Crawl Stone Soup version 0.24-a0-484-g962a3eeff7 (webtiles) character file.

Game seed: 8718453246153655000

324 Elric the Firebug (level 6, -7/50 HPs)
             Began as a Draconian Fire Elementalist on July 9, 2019.
             Mangled by Natasha (8 damage)
             ... on level 2 of the Dungeon.
             The game lasted 00:06:20 (2957 turns).

Elric the Firebug (Draconian Fire Elementalist)     Turns: 2957, Time: 00:06:21

Health: -7/50      AC:  6    Str: 10    XL:     6   Next: 23%
Magic:  4/9        EV: 12    Int: 18    God:
Gold:   103        SH:  0    Dex: 11    Spells: 3/9 levels left

rFire    . . .     SeeInvis .   q - +2 scythe (slice)
rCold    . . .     Gourm    .   (shield currently unavailable)
rNeg     . . .     Faith    .   (armour unavailable)
rPois    .         Spirit   .   (helmet restricted)
rElec    .         Reflect  .   (no cloak)
rCorr    .         Harm     .   (no gloves)
MR       .....                  (no boots)
Stlth    ++........             (no amulet)
HPRegen  0.16/turn              (no ring)
MPRegen  0.11/turn              (no ring)

@: no status effects
A: unfitting armour, cold-blooded, AC +6
a: no special abilities


You were on level 2 of the Dungeon.
You were not hungry.

You visited 1 branch of the dungeon, and saw 3 of its levels.

You collected 103 gold pieces.

Inventory:

Hand Weapons
 a - a +0 spear
 c - a +1 spear of venom
 q - a +2 scythe of slicing (weapon)
Scrolls
 e - a scroll of blinking {unknown}
 f - 4 scrolls of identify {unknown}
 g - a scroll of immolation {unknown}
 h - a scroll of noise {unknown}
 i - 3 scrolls of remove curse {unknown}
 k - a scroll of fear {unknown}
 l - 2 scrolls of teleportation {unknown}
 m - a scroll of amnesia {unknown}
 n - a scroll of magic mapping {unknown}
 o - a scroll of fog {unknown}
 p - a scroll of enchant weapon {unknown}
Potions
 d - a potion of curing
 j - a potion of agility {unknown}
Comestibles
 b - 2 rations


   Skills:
 + Level 2.7 Fighting
 + Level 2.4 Polearms
 - Level 1.7 Dodging
 - Level 1.7 Stealth
 - Level 2.0 Spellcasting
 + Level 3.5 Conjurations
 + Level 4.6 Fire Magic


You had 3 spell levels left.
You knew the following spells:

 Your Spells              Type           Power        Failure   Level  Hunger
a - Flame Tongue          Conj/Fire      ###..        3%          1    #......
b - Throw Flame           Conj/Fire      ###...       4%          2    ###....
c - Conjure Flame         Conj/Fire      ###.....     10%         3    ###....

Your spell library contained the following spells:

 Spells                   Type           Power        Failure   Level  Hunger
 Inner Flame              Hex/Fire       ##......     22%         3    ###....
 Sticky Flame             Conj/Fire      ###.....     32%         4    #####..
 Fireball                 Conj/Fire      ###.......   67%         5    ######.


Dungeon Overview and Level Annotations

Branches:
Dungeon (3/15)

Altars:

Annotations:
D:2 Natasha


Innate Abilities, Weirdness & Mutations

Your plain brown scales are hard. (AC +6)
You cannot fit into any form of body armour.
You are cold-blooded and may be slowed by cold attacks.


Message History

You closely miss Natasha.
Natasha is severely wounded.
The orc barely misses you. Natasha completely misses you.
The orc closely misses you. Natasha barely misses you.
Unknown command.
You closely miss Natasha.
Natasha is severely wounded.
The orc priest casts a cantrip, but nothing happens.
The orc hits you but does no damage. Natasha claws you.
* * * LOW HITPOINT WARNING * * *
The orc barely misses you. Natasha claws you.
* * * LOW HITPOINT WARNING * * *
Casting: Flame Tongue (safe; 3% risk of failure)
Confirm with . or Enter, or press ? or * to list all spells.
Aiming: Flame Tongue (safe; 3% risk of failure)
Press: ? - help, Shift-Dir - straight line, f/p - Natasha
Aim: Natasha (severely wounded)
The flame tongue misses Natasha.
The orc hits you but does no damage. Natasha claws you!
You die...

.........# #.#.#
.........# #.#.#
...#####'#######
#)#.# ...# #........#
#.#.######### ####
#........#
#.#.........#
#........#
#.########.##
#........# #.# #.#
#######.......o####.#
#.#
......'.....>.oh@...#
#.#
##.####........######
#.# ...# ##'#######
#.# ...# #.# #.# ..>#
#.# #.# ##.#
##.########### #.#
##.# #............#
#.#
##.####............#
####.##
.....##............#
#.....#


You could see an orc priest, Natasha and an orc.

Vanquished Creatures
  Sigmund (D:3)
  A centaur skeleton (D:3)
  Natasha (D:3)
  Robin (D:3)
  4 adders
  4 dart slugs
  2 leopard geckos
  2 orcs (D:3)
  3 giant cockroaches
  5 goblins
  9 hobgoblins
  4 jackals (D:1)
  2 quokkas
  2 ball pythons (D:1)
  6 bats
  4 frilled lizards
  5 kobolds
  4 rats (D:1)
60 creatures vanquished.

Notes
Turn   | Place    | Note
-------+----------+-------------------------------------------
     0 | D:1      | Elric the Draconian Fire Elementalist began the quest for
                  | the Orb.
     0 | D:1      | Reached XP level 1. HP: 14/14 MP: 3/3
   252 | D:1      | Reached XP level 2. HP: 20/20 MP: 5/5
   610 | D:1      | Reached XP level 3. HP: 26/26 MP: 2/6
   630 | D:1      | Learned a level 2 spell: Throw Flame
   634 | D:1      | Learned a level 3 spell: Conjure Flame
  1952 | D:3      | Reached skill level 1 in Fighting
  1952 | D:3      | Reached XP level 4. HP: 35/35 MP: 4/7
  2038 | D:3      | Reached skill level 4 in Fire Magic
  2070 | D:3      | Noticed Natasha
  2074 | D:3      | Killed Natasha
  2074 | D:3      | Reached skill level 1 in Polearms
  2287 | D:3      | Noticed Sigmund
  2565 | D:3      | Reached XP level 5. HP: 29/41 MP: 0/8
  2642 | D:3      | Noticed Robin
  2650 | D:3      | Killed Robin
  2843 | D:3      | Killed Sigmund
  2843 | D:3      | Reached XP level 6. HP: 50/50 MP: 1/9
  2940 | D:3      | Noticed Natasha
  2956 | D:2      | HP: 2/50 [Natasha (3)]
  2957 | D:2      | Mangled by Natasha

Levels and vault maps discovered:
D:1:      dpeg_arrival_orchard, layout_loops_corners, minmay_unequal
D:2:      layout_basic
D:3:      layout_basic, first_ration, uniq_sigmund, uniq_robin, uniq_natasha

Skill      XL: |  1  2  3  4  5 |
---------------+----------------+-----
Conjurations   | 2 3 |  3.5
Fighting       | 1 2 |  2.7
Fire Magic     | 4 |  4.6
Polearms       | 1 2 |  2.4
Dodging        | |  1.7
Stealth        | |  1.7
Spellcasting   | |  2.0

Action                   |  1- 3 |  4- 6 || total
-------------------------+-------+-------++-------
Melee: Spear             |    48 |    12 ||    60
       Unarmed           |     4 |       ||     4
       Tailslap          |     1 |     1 ||     2
       Scythe            |       |    10 ||    10
 Cast: Flame Tongue      |    37 |    19 ||    56
       Throw Flame       |     7 |    27 ||    34
       Conjure Flame     |       |     1 ||     1
  Use: Potion            |       |     1 ||     1
 Stab: Sleeping          |     2 |       ||     2
  Eat: Chunk             |     4 |     4 ||     8
       Ration            |       |     1 ||     1
Armor: Skin              |    23 |    12 ||    35
Dodge: Dodged            |    40 |    28 ||    68

Table legend:
 A = Non-vault XP
 B = Vault XP
 C = Vault XP percentage of total XP
 D = Non-vault monster count
 E = Vault monster count
 F = Vault count percentage of total count
                 A         B        C        D         E       F
            +---------+---------+-------+---------+---------+-------
      Total |     180 |     284 |  61.2 |      52 |       8 |  13.3
            +---------+---------+-------+---------+---------+-------
        D:1 |      50 |       8 |  13.8 |      28 |       4 |  12.5
        D:2 |      28 |       0 |   0.0 |       9 |       0 |   0.0
        D:3 |     102 |     276 |  73.0 |      15 |       4 |  21.1
            +---------+---------+-------+---------+---------+-------
